Unix NetHack Version 5.0.0-0 post-release - last build May 10 2026 23:12:36 (d1fa5d53e341ca933230fdaa984d921c805b60aa,branch:main).

Game began 2026-05-11 21:39:02, ended 2026-05-12 15:50:48.

BaeHund, chaotic male human Barbarian

                                                                    ------
                                                                    |.<..|
                        --------------------------------         ###.....|
        -----          #|..............................|         #  |....|
        |...           #|.------ --...---------..-----.|############.....|
        |...|  ###     #|.|....|  |...|....|  |..|.((|.|#      ##[  --.-|-
        |...|    #######..|....|  |...|....|  +..|.((|.|#      #  ######
        |...-###########|.---|----|...-|------|..-..(|.|#      #  #   [
        |..>|   ####### |......|..|........|%%|.-----|.|#           ###
        |...+  ##       |.----.|..|........|%%|.|...[|.|####    ----.-.
        -----           |.|..-.-|--..{.....|..|@-.)_.|.|##      |......
                        |.|..|.............-.|h.|...@|.|##      |.....|
                        |.|----|--....--|-......|...[|.|#       |.....|
                        |.|(.|...|....|..|---|-.-----|.|#       |.....|
                        |.|((|(((|....|..|  ..|..|%%.|..#       |.....|
                        |.|(.|(((|....|..|....|@.|%%.-.|#       |.....|
                        |.--|-----..{.---------..-----.|#       -------
                        |.....)........................|#
                        --------------------------------

BaeHund the Bandit         St:18/01 Dx:18 Co:18 In:7 Wi:7 Ch:6  Chaotic
Dlvl:8  $:64 HP:0(82) Pw:18(18) AC:1  Xp:8 T:3775 

Latest messages:
 The priest of Set intones:
 "Pilgrim, you enter a sacred place!"
 You experience a sense of peace.
 You hear crashing rock.
 You cannot drop something you are wearing.
 You cannot drop something you are wearing.
 A mummy wrapping lands on the altar.
 You cannot drop something you are wearing.
 There is an amber flash as a scroll labeled ASHPD SODALG hits the altar.
 A scroll labeled THARR lands on the altar.
 A scroll labeled XIXAXA XOXAXA XUXAXA lands on the altar.
 A bubbly potion lands on the altar.
 A dark green potion lands on the altar.
 An orange potion lands on the altar.
 There is a black flash as a yellow potion hits the altar.
 A silver ring lands on the altar.
 A curved wand lands on the altar.
 A short wand lands on the altar.
 A lock pick lands on the altar.
 A unicorn horn lands on the altar.
 A gray stone lands on the altar.
 H - an uncursed mummy wrapping.
 K - a blessed scroll labeled ASHPD SODALG.
 T - an uncursed scroll labeled THARR.
 j - an uncursed scroll labeled XIXAXA XOXAXA XUXAXA.
 U - an uncursed bubbly potion.
 S - an uncursed dark green potion.
 B - an uncursed orange potion.
 V - a cursed yellow potion.
 A - an uncursed silver ring.
 r - an uncursed curved wand.
 h - an uncursed short wand.
 e - an uncursed lock pick.
 s - an uncursed unicorn horn.
 L - an uncursed gray stone.
 The dwarf lord swings his dwarvish mattock.
 The dwarf lord hits!
 The dwarf lord swings his dwarvish mattock.
 The dwarf lord hits again!
 You smite the dwarf lord!
 The dwarf lord swings his dwarvish mattock.
 The dwarf lord hits!
 The dwarf lord swings his dwarvish mattock.
 The dwarf lord hits again!
 You die...
 Do you want your possessions identified? [ynq] (y) y
 Do you want to see your attributes? [ynq] (y) y
 Do you want an account of creatures vanquished? [ynaq] (y) y
 Do you want to see your conduct and achievements? [ynq] (y) y
 Do you want to see the dungeon overview? [ynq] (y) y

Inventory:
 Coins    ('$')
  $ - 64 gold pieces
 Amulets  ('"')
  y - an uncursed amulet of reflection (being worn)
 Weapons  (')')
  a - a +1 battle-axe (weapon in hands)
  b - a +0 short sword (alternate weapon; not wielded)
 Armor    ('[')
  z - an uncursed +0 dwarvish iron helm (being worn)
  o - an uncursed +0 pair of gauntlets of dexterity (being worn)
  n - an uncursed +0 pair of kicking boots (being worn)
  q - an uncursed +0 small shield
  H - an uncursed +0 mummy wrapping
  W - a cursed +0 robe
  m - an uncursed +0 elven mithril-coat (being worn)
 Comestibles  ('%')
  d - 5 uncursed food rations
  t - 2 cursed food rations
 Scrolls  ('?')
  E - 2 uncursed scrolls of blank paper
  v - 2 cursed scrolls of confuse monster
  C - an uncursed scroll of create monster
  u - a cursed scroll of create monster
  w - an uncursed scroll of destroy armor
  l - a cursed scroll of gold detection
  T - an uncursed scroll of light
  K - a blessed scroll of remove curse
  j - an uncursed scroll of taming
 Potions  ('!')
  U - an uncursed potion of extra healing
  B - an uncursed potion of fruit juice
  M - an uncursed potion of full healing
  V - a cursed potion of invisibility
  S - an uncursed potion of levitation
  G - a cursed potion of levitation
  x - 4 potions of unholy water
 Rings    ('=')
  A - an uncursed +2 ring of gain strength
  f - an uncursed ring of searching (on right hand)
  D - a cursed ring of teleportation
 Wands    ('/')
  h - a wand of cold (0:5)
  r - a wand of digging (0:6)
 Tools    ('(')
  F - an uncursed brass lantern
  e - an uncursed lock pick
  J - 2 uncursed tallow candles
  p - an uncursed tin whistle
  s - a +0 unicorn horn
 Gems/Stones  ('*')
  L - an uncursed flint stone

BaeHund the Barbarian's attributes:

Background:
 You were a Bandit, a level 8 male human Barbarian.
 You were chaotic, on a mission for Set
 who was opposed by Mitra (lawful) and Crom (neutral).
 You were right-handed.
 You were in the Gnomish Mines, on level 8.
 You entered the dungeon 3775 turns ago.
 You had 2040 experience points, 520 more were needed to attain level 9.

Basics:
 You had 0 out of 82 hit points.
 You had all 18 energy points (spell power).
 Your armor class was 1.
 Your wallet contained 64 zorkmids.
 Autopickup was off.

Final Characteristics:
 Your strength was 18/01 (limit:18/100).
 Your dexterity was 18 (limit:18).
 Your constitution was 18 (limit:18).
 Your intelligence was 7 (limit:18).
 Your wisdom was 7 (limit:18).
 Your charisma was 6 (limit:18).

Final Status:
 You weren't hungry.
 You were unencumbered.
 You were wielding an axe.
 You had expert skill with axe.

Final Attributes:
 You were piously aligned.
 You were poison resistant.
 You were telepathic.
 You had automatic searching.
 You were guarded.
 You were fast.
 You had reflection.
 You are dead.

Miscellaneous:
 You encountered 1 bones level.
 Total elapsed playing time was 1 hour, 49 minutes and 40 seconds.

Major events:
 Turn
    1: BaeHund the chaotic male human Barbarian entered the dungeon
 1129: attained the rank of Pillager (level 3)
 1252: entered the Gnomish Mines
 1677: attained the rank of Bandit (level 6)
 2260: reached Mine Town
 3775: killed by a dwarf lord

You didn't know any spells.

Skills:
 Fighting Skills
   bare handed combat [Basic]
   two weapon combat  [Unskilled]
   riding             [Unskilled]
 Weapon Skills
   dagger             [Unskilled]
   axe                [Expert]
   pick-axe           [Unskilled]
   short sword        [Basic]
   broadsword         [Unskilled]
   long sword         [Unskilled]
   two-handed sword   [Unskilled]
   saber              [Unskilled]
   club               [Unskilled]
   mace               [Unskilled]
   morning star       [Unskilled]
   flail              [Unskilled]
   hammer             [Unskilled]
   quarterstaff       [Unskilled]
   spear              [Unskilled]
   trident            [Unskilled]
   bow                [Unskilled]
 Spellcasting Skills
   attack spells      [Unskilled]
   escape spells      [Unskilled]

Voluntary challenges:
 Character rerolling was not enabled.
 You never genocided any monsters.
 You never polymorphed an object.
 You never changed form.
 You used no wishes.
Achievements:
 You entered a shop.
 You attained the rank of Pillager.
 You entered the Gnomish Mines.
 You attained the rank of Bandit.
 You entered Minetown.
 You entered a temple.

 The Dungeons of Doom: levels 1 to 4
    Level 1:
       A grave.
    Level 2:
       A fountain.
    Level 3:
       An armor shop, some fountains.
    Level 4:
       A fountain.
       Stairs down to The Gnomish Mines.
 The Gnomish Mines: levels 5 to 12
    Level 5:
       A grave.
       Final resting place for
          Nestorix-Pri-Hum-Fem-Neu, killed by a gnome.
    Level 6:
    Level 7:
    Level 8: <- You were here.
       Many shops, a temple and an altar to Set, some fountains.
       Final resting place for
          you, killed by a dwarf lord.
    Level 9:
    Level 10:
    Level 11:
    Level 12:


Vanquished creatures:
  a vampire
  a ghost
  a large mimic
 an ettin mummy
  2 shocking spheres
 an elf mummy
  2 giant beetles
  a mumak
  a giant spider
 an ice vortex
  a vampire bat
  a gnome ruler
  a white unicorn
  3 gnome mummies
  3 soldier ants
 11 gnome leaders
  4 gnomish wizards
  a paper golem
  3 giant ants
  a little dog
  a floating eye
 15 dwarves
  a kobold leader
  2 monkeys
  a dwarf zombie
  2 werejackals
  2 hobbits
  a hobgoblin
  2 giant rats
  a brown mold
 55 gnomes
  a gnome zombie
  3 geckos
  5 jackals
  2 foxes
  a kobold
  3 goblins
  2 sewer rats
  3 grid bugs
  a bat
  2 lichens
  2 kobold zombies
  4 newts
153 creatures vanquished.

No species were genocided or became extinct.

Game over:
                       ----------
                      /          \
                     /    REST    \
                    /      IN      \
                   /     PEACE      \
                  /                  \
                  |     BaeHund      |
                  |      64 Au       |
                  |   killed by a    |
                  |    dwarf lord    |
                  |                  |
                  |                  |
                  |       2026       |
                 *|     *  *  *      | *
        _________)/\\_//(\/(/\)/\//\/|_)_______

Goodbye BaeHund the Barbarian...

You died in The Gnomish Mines on dungeon level 8 with 8778 points,
and 64 pieces of gold, after 3775 moves.
You were level 8 with a maximum of 82 hit points when you died.

